 Dungeon Crawl Stone Soup version 0.27-a0-409-gd57800a693 (webtiles) character file.

Game seed: 2654638443414448217

117 Chiseanne the Skirmisher (level 4, -18/38 HPs)
             Began as a Demonspawn Wanderer on Feb 23, 2021.
             Demolished by an ogre
             ... wielding a +0 giant club
              (19 damage)
             ... on level 4 of the Dungeon.
             The game lasted 00:03:14 (3161 turns).

Chiseanne the Skirmisher (Demonspawn Wanderer)      Turns: 3161, Time: 00:03:15

Health: -18/38     AC: 11    Str: 14    XL:     4   Next: 71%
Magic:  4/4        EV: 11    Int: 14    God:
Gold:   102        SH:  0    Dex: 11    Spells: 3/3 levels left

rFire    . . .     SeeInvis .   a - +0 short sword
rCold    . . .     Faith    .   (no shield)
rNeg     . . .     Spirit   .   g - +1 ring mail
rPois    .         Reflect  .   s - +2 helmet
rElec    .         Harm     .   (no cloak)
rCorr    .         Rampage  .   (no gloves)
Will     .....                  (no boots)
Stlth    +.........             (no amulet)
HPRegen  0.12/turn              (no ring)
MPRegen  0.09/turn              (no ring)

@: no status effects
A: claws 1, slimy green scales 1
a: no special abilities


You were on level 4 of the Dungeon.
You visited 1 branch of the dungeon, and saw 4 of its levels.

You collected 102 gold pieces.

Inventory:

Hand Weapons
 a - a +0 short sword (weapon)
 e - a +0 dagger
Missiles
 b - a throwing net (quivered)
 d - 45 bolts
 l - 9 arrows
 n - 21 stones
 q - 6 poisoned darts
Armour
 g - a +1 ring mail (worn)
 s - a +2 helmet (worn)
Jewellery
 i - a ring of poison resistance {unknown}
 p - a +6 ring of intelligence
Scrolls
 f - 2 scrolls of teleportation
 o - a scroll of fear {unknown}
 r - a scroll of random uselessness {unknown}
 u - a scroll of noise {unknown}
Potions
 c - 2 potions of curing
 j - a potion of attraction {unknown}
 k - a potion of brilliance {unknown}
 t - a potion of heal wounds {unknown}
 v - a potion of flight {unknown}


   Skills:
 * Level 4.9 Fighting
 - Level 1.0 Short Blades
 + Level 1.5 Armour
 * Level 2.6 Dodging
 - Level 1.7 Stealth
 - Level 1.0 Shields
 - Level 1.0 Evocations


You had 3 spell levels left.
You didn't know any spells.
Your spell library was empty.

Dungeon Overview and Level Annotations

Branches:
Dungeon (4/15)
 Temple: D:4-7

Altars:
Zin


Innate Abilities, Weirdness & Mutations

You have sharp fingernails.
You are partially covered in slimy green scales. (AC +2)


Message History

Press: ? - help, Q - select action, (/) - cycle Shift-Dir - straight line, f - ogre
Aim: an ogre, wielding a +0 giant club (heavily wounded, 73% to hit)
You throw a throwing net. The throwing net hits the ogre.
The ogre is caught in the net!
The ogre is heavily wounded.
The ogre struggles against the net.
You hit the ogre.
The ogre is heavily wounded.
The ogre struggles against the net.
You hit the ogre.
The ogre is heavily wounded.
The ogre struggles against the net.
You barely miss the ogre.
The ogre is heavily wounded.
The ogre struggles against the net.
You hit the ogre.
The ogre is severely wounded.
The ogre struggles against the net.
The net rips apart, and the ogre comes free!
You hit the ogre.
The ogre is severely wounded.
The ogre hits you but does no damage.
You barely miss the ogre.
The ogre is severely wounded.
The ogre hits you with a +0 giant club!
* * * LOW HITPOINT WARNING * * *
Throw: 2 throwing nets
Press: ? - help, Q - select action, (/) - cycle Shift-Dir - straight line, f/p - ogre
Aim: an ogre, wielding a +0 giant club (severely wounded, 73% to hit)
You throw a throwing net.
The throwing net closely misses the ogre.
The ogre hits you with a +0 giant club!
* * * LOW HITPOINT WARNING * * *
You hit the ogre.
The ogre is severely wounded.
You barely miss the ogre.
The ogre is severely wounded.
The ogre hits you with a +0 giant club!!
Ouch! That really hurt!
You die...

... #..## .... ..
#...##....
##.###..#.....
)#...<......# ##
#..(........#.....#
##.....##.### #....
##.....#.# .....
#..#....###......
###......@.....#
#.....$..O.....#
###.#.#........#
#######.......
.#.(... #######


You could see an ogre.

Vanquished Creatures
  A hound skeleton (D:4)
  Robin (D:3)
  3 gnolls
  2 adders (D:3)
  3 worms
  A leopard gecko (D:2)
  A giant cockroach (D:1)
  5 goblins
  4 hobgoblins
  3 ball pythons
  5 bats
  3 frilled lizards
  8 kobolds
  2 rats
42 creatures vanquished.

Notes
Turn   | Place    | Note
-------+----------+-------------------------------------------
     0 | D:1      | Chiseanne the Demonspawn Wanderer began the quest for the
                  | Orb.
     0 | D:1      | Chiseanne set off with the following items: a +0 short
                  | sword, 3 throwing nets, a potion of curing, a +0 leather
                  | armour, a +0 dagger
     0 | D:1      | Reached XP level 1. HP: 19/19 MP: 1/1
   482 | D:2      | Gained mutation: You are partially covered in slimy green
                  | scales. (AC +2) [demonic ancestry]
   482 | D:2      | Reached XP level 2. HP: 15/25 MP: 2/2
  1088 | D:2      | Found a glowing silver altar of Zin.
  1138 | D:3      | Gained mutation: You have sharp fingernails. [demonic
                  | ancestry]
  1138 | D:3      | Reached XP level 3. HP: 8/31 MP: 3/3
  1396 | D:3      | Reached skill level 1 in Armour
  1819 | D:3      | Noticed Robin
  1851 | D:3      | Killed Robin
  2201 | D:3      | Reached XP level 4. HP: 28/38 MP: 4/4
  3144 | D:4      | Noticed an ogre
  3159 | D:4      | HP: 1/38 [ogre/+0 giant club (9)]
  3161 | D:4      | Demolished by an ogre

Illustrated notes

Levels and vault maps discovered:
D:1:      minmay_arrival_radiant_lines, layout_basic, minmay_tetromino_i2
D:2:      layout_loops_ring, nicolae_overflow_crystal_walls,
          lemuel_coloured_pillars_altar, minmay_misc_feat_more_columns
D:3:      layout_basic, uniq_robin
D:4:      layout_cave_pools

Skill      XL: |  1  2  3 |
---------------+----------+-----
Armour         | 1 |  1.5
Dodging        | 2 |  2.6
Fighting       | |  4.9
Short Blades   | |  1.0
Stealth        | |  1.7
Shields        | |  1.0
Evocations     | |  1.0

Action                   |  1- 3 |  4- 6 || total
-------------------------+-------+-------++-------
Melee: Short sword       |   187 |    48 ||   235
Throw: Throwing net      |       |     2 ||     2
  Use: Scroll            |     1 |     2 ||     3
       Potion            |       |     1 ||     1
Armor: Ring mail         |    79 |    17 ||    96
       Leather armour    |     1 |       ||     1
Dodge: Dodged            |   103 |    21 ||   124

Table legend: (Time is in decaauts)
 A = Elapsed time spent in this place.
 B = Non-inter-level travel time spent in this place.
 C = Inter-level travel time spent in this place.
 D = Time resting spent in this place.
 E = Time spent auto-exploring this place.
 F = Levels seen in this place.
 G = Mean time per level.
                   A        B        C        D        E       F      G
               +--------+--------+--------+--------+--------+-----+--------+
         Total |   3172 |   3109 |     63 |    958 |   1661 |   4 |  793.0 |
       Dungeon |   3172 |   3109 |     63 |    958 |   1661 |   4 |  793.0 |
               +--------+--------+--------+--------+--------+-----+--------+

Top non-repeatable levels by time:
     D:3: 1653 daAuts
     D:2: 1075 daAuts
     D:1: 398 daAuts
     D:4: 45 daAuts
